 Dungeon Crawl Stone Soup version 0.20.1-1-g8b1a95d (webtiles) character file.

130 Kahvikuppo the Cudgeler (level 4, 0/52 HPs)
             Began as a Demonspawn Berserker on July 12, 2017.
             Was a Believer of Trog.
             Slain by Bence's ghost (5 damage)
             ... on level 4 of the Dungeon.
             The game lasted 00:11:11 (2443 turns).

Kahvikuppo the Cudgeler (Demonspawn Berserker)      Turns: 2443, Time: 00:11:12

Health: 0/52       AC:  7    Str: 23    XL:     4   Next: 89%
Magic:  4/4        EV:  8    Int:  8    God:    Trog [**....]
Gold:   145        SH:  8    Dex: 13    Spells: 3/3 levels left

rFire    . . .     SeeInvis .   a - +0 mace
rCold    . . .     Gourm    .   k - +0 shield
rNeg     . . .     Faith    .   d - +0 scale mail
rPois    .         Spirit   .   l - +0 helmet
rElec    +         Reflect  .   (no cloak)
rCorr    .         Harm     .   (no gloves)
MR       .....                  (no boots)
Stlth    ..........             (no amulet)
Regen    0.2/turn               (no ring)
MPRegen  0.1/turn               (no ring)

@: berserking, very quick
A: talons 1, foul stench 1, electricity resistance, rot immunity, MP-powered
wands
a: Berserk, Trog's Hand, Burn Spellbooks, Renounce Religion


You were on level 4 of the Dungeon.
You worshipped Trog.
Trog was pleased with you.
You were not hungry.

You visited 1 branch of the dungeon, and saw 4 of its levels.

You collected 145 gold pieces.

Inventory:

Hand Weapons
 a - a +0 mace (weapon)
Armour
 d - a +0 scale mail (worn)
 k - a +0 shield (worn)
 l - a +0 helmet (worn)
Scrolls
 b - 2 scrolls of teleportation
 g - a scroll of magic mapping {unknown}
 i - a scroll of amnesia {unknown}
 j - a scroll of remove curse {unknown}
 m - 4 scrolls of identify
Potions
 e - a potion of brilliance {unknown}
 f - a potion of flight {unknown}
 n - a potion of cancellation {unknown}
Comestibles
 c - 2 bread rations


   Skills:
 + Level 3.5 Fighting
 + Level 3.8 Maces & Flails
 + Level 2.4 Armour
 + Level 2.5 Dodging
 + Level 0.2 Stealth
 + Level 1.0 Shields


You had 3 spell levels left.
You didn't know any spells.

Dungeon Overview and Level Annotations

Branches:
Dungeon (4/15)
 Temple: D:4-7

Altars:
Vehumet
Xom

Annotations:
D:4 Bence's ghost, amateur MiFi


Innate Abilities, Weirdness & Mutations

You may emit foul miasma when damaged in melee.
You are immune to rotting.
You have sharp toenails.
You are resistant to electric shocks. (rElec)
You expend magic power (3 MP) to strengthen your wands.


Message History

* * * LOW HITPOINT WARNING * * *
You sock Bence's ghost! You claw Bence's ghost.
Bence's ghost is moderately damaged.
Bence's ghost hits you.
* * * LOW HITPOINT WARNING * * *
You hit Bence's ghost but do no damage. Your kick misses Bence's ghost.
Bence's ghost is moderately damaged.
You block Bence's ghost's attack.
You hit Bence's ghost. You claw Bence's ghost.
Bence's ghost is heavily damaged.
Bence's ghost hits you.
* * * LOW HITPOINT WARNING * * *
You are too berserk!
You barely miss Bence's ghost.
You claw Bence's ghost, but do no damage.
Bence's ghost is heavily damaged.
You thump Bence's ghost!
Bence's ghost is almost destroyed.
Bence's ghost hits you.
You die...

#####.#
#<@...#
#W........
.....[.....
###.....###.
#%....#
....#.#
#####.# .#


You could see Bence's ghost.

Vanquished Creatures
  A hound (D:4)
  4 adders
  An ooze (D:3)
  A worm (D:3)
  A dart slug (D:2)
  A leopard gecko (D:3)
  4 orcs (D:3)
  4 giant cockroaches
  4 hobgoblins
  3 jackals (D:3)
  4 bats
  2 frilled lizards
  6 goblins
  11 kobolds
  6 rats
53 creatures vanquished.

Notes
Turn   | Place    | Note
-------+----------+-------------------------------------------
     0 | D:1      | Kahvikuppo the Demonspawn Berserker began the quest for the Orb.
     0 | D:1      | Reached XP level 1. HP: 18/18 MP: 1/1
   366 | D:1      | Gained mutation: You are immune to rotting. [demonic ancestry]
   366 | D:1      | Reached XP level 2. HP: 20/24 MP: 2/2
   937 | D:2      | Reached ** piety under Trog
   937 | D:2      | Gained mutation: You may emit foul miasma when damaged in melee. [demonic ancestry]
   937 | D:2      | Reached XP level 3. HP: 29/29 MP: 3/3
  1178 | D:3      | Gained mutation: You are robust. (+10% HP) [potion of mutation]
  1178 | D:3      | Gained mutation: You are clumsy. (Dex -2) [potion of mutation]
  1178 | D:3      | Gained mutation: You are dopey. (Int -2) [potion of mutation]
  1178 | D:3      | Lost mutation: You are clumsy. (Dex -2) [potion of mutation]
  1179 | D:3      | Lost mutation: You are dopey. (Int -2) [potion of mutation]
  1179 | D:3      | Lost mutation: You are robust. (+10% HP) [potion of mutation]
  1179 | D:3      | Gained mutation: Your muscles are strong. (Str +2) [potion of mutation]
  1179 | D:3      | Gained mutation: You have a pair of small antennae on your head. [potion of mutation]
  1202 | D:3      | Found an iron altar of Okawaru.
  1202 | D:3      | Found a shimmering altar of Xom.
  1202 | D:3      | Found a glowing golden altar of the Shining One.
  1202 | D:3      | Found a shattered altar of Ashenzari.
  1202 | D:3      | Found a bloodstained altar of Trog.
  1202 | D:3      | Found a glowing silver altar of Zin.
  1279 | D:3      | Lost mutation: Your muscles are strong. (Str +2) [potion of mutation]
  1279 | D:3      | Lost mutation: You have a pair of small antennae on your head. [potion of mutation]
  1279 | D:3      | Gained mutation: You expend magic power (3 MP) to strengthen your wands. [potion of mutation]
  1279 | D:3      | Gained mutation: You are resistant to electric shocks. (rElec) [potion of mutation]
  1279 | D:3      | Gained mutation: You have sharp toenails. [potion of mutation]
  1301 | D:3      | Found a radiant altar of Vehumet.
  1622 | D:3      | Reached XP level 4. HP: 23/35 MP: 4/4
  2429 | D:4      | Noticed Bence's ghost (amateur MiFi)
  2436 | D:4      | Reached skill level 1 in Shields
  2443 | D:4      | Slain by Bence's ghost

Skill      XL: |  1  2  3  4 |
---------------+-------------+-----
Dodging        | 2 |  2.5
Maces & Flails | 3 |  3.8
Armour         | 2 |  2.4
Shields        | 1 |  1.0
Fighting       | |  3.5
Stealth        | |  0.2

Action                   |  1- 3 |  4- 6 || total
-------------------------+-------+-------++-------
Melee: Mace              |   128 |    70 ||   198
       Kick              |     6 |    20 ||    26
Invok: Berserk           |       |     1 ||     1
  Use: Potion            |     3 |       ||     3
       Scroll            |     2 |       ||     2
  Eat: Bread ration      |     1 |       ||     1
       Meat ration       |       |     1 ||     1
Armor: Animal skin       |    10 |       ||    10
       Scale mail        |    75 |    65 ||   140
Dodge: Dodged            |    86 |    47 ||   133
Block: Shield            |    52 |    54 ||   106
